 Dungeon Crawl Stone Soup version 0.19.1 (webtiles) character file.

513 kae the Shield-Bearer (level 7, -1/56 HPs)
             Began as a Formicid Fighter on Dec 12, 2016.
             Killed by divine providence
             ... invoked by an orc priest
              (14 damage)
             ... on level 6 of the Dungeon.
             The game lasted 00:02:49 (2673 turns).

kae the Shield-Bearer (Formicid Fighter)            Turns: 2673, Time: 00:02:50

Health: -1/56      AC:  6    Str: 23    XL:     7   Next: 43%
Magic:  7/7        EV:  8    Int:  7    God:
Gold:   176        SH: 11    Dex: 10    Spells: 0 memorised, 6 levels left

rFire  . . .     SeeInvis +     a - +0 long sword
rCold  . . .     Gourm    .     b - +0 scale mail
rNeg   . . .     Faith    .     c - +1 shield
rPois  .         Spirit   .     (helmet unavailable)
rElec  .         Reflect  .     (no cloak)
rCorr  .         Harm     .     (no gloves)
MR     +....                    (no boots)
Stlth  ..........               m - amulet of regeneration
                                (no ring)
                                j - ring of protection from magic

@: lethally poisoned (-1 -> -2)
A: permanent stasis, dig shafts and tunnels, four strong arms, antennae 3
a: Dig, Shaft Self


You were on level 6 of the Dungeon.
You were very hungry.

You visited 1 branch of the dungeon, and saw 5 of its levels.

You collected 176 gold pieces.

Inventory:

Hand Weapons
 a - a +0 long sword (weapon)
Armour
 b - a +0 scale mail (worn)
 c - a +1 shield (worn)
Jewellery
 j - a ring of protection from magic (left hand)
 m - an amulet of regeneration (around neck)
 o - an uncursed ring of ice
Scrolls
 h - 3 scrolls of identify
 p - a scroll of blinking
Potions
 k - a potion of flight
 l - a potion of heal wounds
 s - a potion of curing {unknown}
Books
 n - a book of Maledictions

   Spells                             Type                      Level
   a - Corona                         Hexes                        1
   b - Ensorcelled Hibernation        Hexes/Ice                    2
   c - Confuse                        Hexes                        3
   d - Tukima's Dance                 Hexes                        3
   e - Dazzling Spray                 Conjuration/Hexes            3
Comestibles
 f - 2 bread rations
 g - 2 fruits


   Skills:
 + Level 5.5 Fighting
 * Level 5.2 Long Blades
 - Level 3.2 Armour
 + Level 5.7 Shields


You had 6 spell levels left.
You didn't know any spells.

Dungeon Overview and Level Annotations

Branches:
Dungeon (4/15)
 Temple: D:4-7

Altars:

Annotations:
D:4 Menkaure


Innate Abilities, Weirdness & Mutations

You are under a permanent stasis effect.
You can dig through walls and to a lower floor.
Your four strong arms can wield two-handed weapons with a shield.
You have a pair of large antennae on your head. (SInv)


Message History

The orc closely misses you.
Okay, then.
The adder bites you but does no damage. The giant cockroach closely misses you.
You block the gnoll's attack. You block the giant cockroach's attack.
The adder barely misses you.
You feel sick. The adder barely misses you.
The orc priest miscasts a cantrip.
A sky beast comes into view.
You block the giant cockroach's attack.
You feel sick. You block the giant cockroach's attack.
You block the sky beast's attack. You block the giant cockroach's attack.
You extend your mandibles.
You dig through the rock wall.
The sky beast hits you. The sky beast shocks you.
* * * LOW HITPOINT WARNING * * *
The orc priest looks encouraged for a moment.
You retract your mandibles.
The orc priest calls down the wrath of Beogh upon you.
Beogh smites you!
You die...

###### .... #..
#.### #@Y.# ##s.#
##o### .## #.oS.#
#. ..... #.g#.# ..
.....##..#g###.##.
........#.o......
..........{......
#......<....##.


You could see a sky beast, an orc priest, a gnoll, an adder, 2 orcs and a giant
cockroach.

Vanquished Creatures
  The ghost of loralnil the Shield-Bearer, an amateur FoFi of Okawaru (D:4)
  A big kobold (D:3)
  An orc priest (D:3)
  An orc wizard (D:3)
  2 worker ants (D:4)
  4 adders
  3 worms
  3 dart slugs (D:1)
  2 leopard geckos (D:2)
  8 orcs (D:3)
  4 giant cockroaches
  10 goblins
  11 hobgoblins
  10 kobolds
  A quokka (D:3)
  A ball python (D:3)
  9 bats
  4 frilled lizards
  15 rats
91 creatures vanquished.

Notes
Turn   | Place    | Note
-------+----------+-------------------------------------------
     0 | D:1      | kae the Formicid Fighter began the quest for the Orb.
     0 | D:1      | Reached XP level 1. HP: 18/18 MP: 1/1
   123 | D:1      | Reached XP level 2. HP: 11/24 MP: 2/2
   339 | D:1      | Reached XP level 3. HP: 27/30 MP: 3/3
   950 | D:2      | Reached XP level 4. HP: 35/37 MP: 4/4
  1671 | D:3      | Reached XP level 5. HP: 37/43 MP: 5/5
  1915 | D:3      | Noticed a big kobold
  1922 | D:3      | Killed a big kobold
  1922 | D:3      | Reached XP level 6. HP: 49/49 MP: 6/6
  2036 | D:3      | Reached skill level 5 in Shields
  2394 | D:4      | Noticed Menkaure
  2524 | D:4      | Reached skill level 5 in Fighting
  2531 | D:4      | Noticed loralnil's ghost (amateur FoFi)
  2550 | D:4      | Killed loralnil's ghost
  2550 | D:4      | Reached skill level 5 in Long Blades
  2550 | D:4      | Reached XP level 7. HP: 18/56 MP: 7/7
  2659 | D:4      | You fall through a shaft for 2 floors!
  2673 | D:6      | Killed from afar by an orc priest

Skill      XL: |  1  2  3  4  5  6 |
---------------+-------------------+-----
Shields        | 4 5 |  5.7
Fighting       | 4 5 |  5.5
Long Blades    | 3 5 |  5.2
Armour         | |  3.2

Action                   |  1- 3 |  4- 6 |  7- 9 || total
-------------------------+-------+-------+-------++-------
Melee: Long sword        |   104 |   210 |    13 ||   327
 Abil: Dig               |     1 |       |     1 ||     2
       Shaft Self        |       |       |     1 ||     1
  Use: Scroll            |       |     8 |       ||     8
       Potion            |       |     1 |       ||     1
  Eat: Chunk             |       |     5 |     1 ||     6
Armor: Scale mail        |    36 |    79 |     7 ||   122
Dodge: Dodged            |    32 |    60 |    15 ||   107
Block: Shield            |    55 |   127 |    15 ||   197
       Rpst.: Long sword |    11 |     9 |     3 ||    23
